 Dungeon Crawl Stone Soup version 0.27-a0-1154-gfdeffcb720 (webtiles) character file.

Game seed: 10881784425987391370

9 Whiskey the Magician (level 2, -2/21 HPs)
             Began as a Djinni Necromancer on May 14, 2021.
             Slain by a kobold
             ... wielding a +0 dagger
              (3 damage)
             ... on level 1 of the Dungeon.
             The game lasted 00:01:44 (836 turns).

Whiskey the Magician (Djinni Necromancer)            Turns: 836, Time: 00:01:45

Health: -2/21      AC:  2    Str:  7    XL:     2   Next: 25%
Gold:   0          EV: 12    Int: 16    God:
                   SH:  0    Dex: 13

rFire    + + .     SeeInvis .   c - +0 dagger
rCold    x . .     Faith    .   (no shield)
rNeg     . . .     Spirit   .   a - +0 robe
rPois    ∞         Reflect  .   (no helmet)
rElec    .         Harm     .   (no cloak)
rCorr    .         Rampage  .   (no gloves)
Will     .....                  (boots unavailable)
Stlth    ++........             (no amulet)
HPRegen  0.07/turn              (no ring)
MPRegen  0.00/turn              (no ring)

@: flying
A: sickness immunity, fire resistance 2, cold vulnerability 1, float, innate
caster, hp casting, extra vitality 1
a: no special abilities


You were on level 1 of the Dungeon.
You visited 1 branch of the dungeon, and saw 1 of its levels.

Inventory:

Hand Weapons
 c - a +0 dagger (weapon)
   (You took it off a goblin on level 1 of the Dungeon)
Missiles
 b - 17 sling bullets
Armour
 a - a +0 robe (worn)
Scrolls
 d - a scroll of vulnerability {unknown}
Potions
 e - a potion of might {unknown}


   Skills:
 + Level 2.5 Dodging
 + Level 1.9 Stealth
 + Level 3.3 Spellcasting


You couldn't memorise any spells.
You knew the following spells:

 Your Spells              Type           Power      Damage    Failure   Level
a - Pain                  Necr           52%        1d6       4%          1
b - Animate Dead          Necr           6%         N/A       41%         4
c - Agony                 Necr           13%        N/A       77%         5
x - Vampiric Draining     Necr           6%         2d6       14%         3
A - Animate Skeleton      Necr           26%        N/A       4%          1
Your spell library was empty.

Dungeon Overview and Level Annotations

Branches:
Dungeon (1/15)

Altars:


Innate Abilities, Weirdness & Mutations

You are immune to sickness and miasma.
You are immune to poison.
Your flesh is very heat resistant. (rF++)
You are vulnerable to cold. (rC-)
You float through the air rather than walking.
You learn spells naturally, not from books.
Your magical power is your life essence.
You have superior vitality. (+4 HP)


Message History

No target in view!
A bat comes into view.
Found a stone staircase leading down.
You see here a rat corpse.
The bat hits you.
You take 1 damage, and have 20/21 hp.
The bat closely misses you. The bat barely misses you.
You hit the bat but do no damage. The bat closely misses you.
Health restored: 21 You miss the bat.
The bat hits you but does no damage. The bat barely misses you.
The bat closely misses you.
You barely miss the bat. The bat misses you.
You hit the bat but do no damage. The bat hits you but does no damage.
The bat barely misses you. The bat hits you but does no damage.
You hit the bat but do no damage. The bat hits you but does no damage.
The bat hits you.
A kobold comes into view. It is wielding a +0 dagger.
The bat closely misses you. The bat barely misses you.
You closely miss the bat. The bat closely misses you.
You closely miss the bat. The bat barely misses you.
You take 1 damage, and have 20/21 hp.
The kobold shouts!
The bat misses you. The bat hits you. The bat closely misses you.
You barely miss the bat. The bat hits you but does no damage.
You hit the bat but do no damage. The bat closely misses you.
The bat hits you but does no damage. The bat hits you.
The bat barely misses you.
You hit the bat. The bat barely misses you.
You hit the bat. The bat hits you.
You closely miss the bat. The bat hits you.
A bat comes into view.
The kobold barely misses you.
You hit the bat.
You kill the bat!
The kobold completely misses you.
You miss the kobold. The kobold hits you with a +0 dagger.
You hit the bat but do no damage. The bat barely misses you.
The kobold barely misses you.
You barely miss the kobold. The bat hits you but does no damage.
The kobold hits you but does no damage.
You barely miss the kobold. The bat barely misses you.
The kobold hits you with a +0 dagger.
You barely miss the kobold. The bat hits you. The kobold misses you.
The bat hits you.
You closely miss the bat. The bat hits you but does no damage.
The kobold hits you with a +0 dagger.
You are too injured to fight recklessly!
You are too injured to fight recklessly!
You are too injured to fight recklessly!
You take 11 damage, and have 9/21 hp.
MASSIVE DAMAGE!!
You are too injured to fight recklessly!
You are too injured to fight recklessly!
You are too injured to fight recklessly!
You are too injured to fight recklessly!
You are too injured to fight recklessly!
You are too injured to fight recklessly!
You are too injured to fight recklessly!
You are too injured to fight recklessly!
You are too injured to fight recklessly!
You are too injured to fight recklessly!
You are too injured to fight recklessly!
You are too injured to fight recklessly!
You are too injured to fight recklessly!
You are too injured to fight recklessly!
You are too injured to fight recklessly!
You are too injured to fight recklessly!
You are too injured to fight recklessly!
You are too injured to fight recklessly!
You are too injured to fight recklessly!
You are too injured to fight recklessly!
You are too injured to fight recklessly!
The bat barely misses you.
You see here a bat corpse.
The bat hits you but does no damage. The bat hits you but does no damage.
The bat hits you but does no damage. The bat barely misses you.
You see here a rat corpse.
Aim: a kobold, wielding a +0 dagger (chance to affect: 83%)
The kobold barely resists.
The kobold hits you with a +0 dagger.
You take 3 damage, and have 7/21 hp.
Aim: a kobold, wielding a +0 dagger (chance to affect: 83%)
The kobold writhes in agony.
* * * LOW HITPOINT WARNING * * *
The kobold barely misses you.
You take 2 damage, and have 5/21 hp.
Aim: a kobold, wielding a +0 dagger (moderately wounded, chance to affect: 83%)
The kobold barely resists.
* * * LOW HITPOINT WARNING * * *
The kobold hits you but does no damage.
You take 2 damage, and have 3/21 hp.
Aim: a kobold, wielding a +0 dagger (moderately wounded, chance to affect: 83%)
The kobold writhes in agony.
* * * LOW HITPOINT WARNING * * *
The kobold hits you with a +0 dagger.
You die...

####.♣≈≈P≈P≈.
#####....♣≈≈≈≈≈≈.
#........♣≈≈≈≈≈≈.
+#####........≈P≈≈≈≈≈≈
..........>....♣P≈≈≈≈≈
######
###.......†....≈P≈≈≈.
.....#
#..b.........♣PP≈≈≈
.....# ###K###.#####♣
≈≈≈ .....###########@#
#.# ≈
#................# #.#
#....############# #.#
#.#### ........ #.#
#.# #.#######.# #.#
#.# # ..# ### ...


You could see a bat and a kobold.

Vanquished Creatures
  A dart slug (D:1)
  A bat (D:1)
  An endoplasm (D:1)
  A goblin (D:1)
  A hobgoblin (D:1)
  2 rats (D:1)
7 creatures vanquished.

Notes
Turn   | Place    | Note
-------+----------+-------------------------------------------
     0 | D:1      | Whiskey the Djinni Necromancer began the quest for the Orb.
     0 | D:1      | Reached XP level 1. HP: 15/15 MP: 0/0
   293 | D:1      | Reached XP level 2. HP: 3/21 MP: 0/0
   836 | D:1      | Slain by a kobold

Illustrated notes

Levels and vault maps discovered:
D:1:      minmay_arrival_five_plusses, layout_basic, serial_co_window_serial,
          co_window_paths_b, co_window_of_opportunity_a, co_window_paths_a,
          co_window_paths_b, co_window_corner_a, co_window_of_opportunity_a,
          co_window_paths_a, co_window_paths_a, co_window_paths_a,
          co_window_of_opportunity_b, co_window_2corner, co_window_corner_ca,
          co_window_sun, shapermc_ecumenical_altar_notcrosses,
          serial_bayou_ford_a

Action                   || total
-------------------------++-------
Melee: Dagger            ||    30
 Cast: Pain              ||    12
       Animate Skeleton  ||     1
 Stab: Sleeping          ||     1
Armor: Robe              ||    13
Dodge: Dodged            ||    30

Table legend: (Time is in decaauts)
 A = Elapsed time spent in this place.
 B = Non-inter-level travel time spent in this place.
 C = Inter-level travel time spent in this place.
 D = Time resting spent in this place.
 E = Time spent auto-exploring this place.
 F = Levels seen in this place.
 G = Mean time per level.
                   A        B        C        D        E       F      G
               +--------+--------+--------+--------+--------+-----+--------+
         Total |    835 |    835 |      0 |    253 |    481 |   1 |  835.0 |
       Dungeon |    835 |    835 |      0 |    253 |    481 |   1 |  835.0 |
               +--------+--------+--------+--------+--------+-----+--------+

Top non-repeatable levels by time:
     D:1: 835 daAuts

Table legend:
 A = Kills in this place as a percentage of kills in entire the game.
 B = Kills by you in this place as a percentage of kills by you in the entire game.
 C = Kills by friends in this place as a percentage of kills by friends in the entire game.
 D = Other kills in this place as a percentage of other kills in the entire game.
 E = Experience gained in this place as a percentage of experience gained in the entire game.
 F = Experience gained in this place divided by the number of levels of this place that you have seen.
                   A       B       C       D       E      F
               +-------+-------+-------+-------+-------+----------------------
         Total | 100.0 | 100.0 |   N/A |   N/A | 100.0 |  14.0
       Dungeon | 100.0 | 100.0 |   N/A |   N/A | 100.0 |  14.0
               +-------+-------+-------+-------+-------+----------------------
